 Dungeon Crawl Stone Soup version 0.29-a0-384-g6960b1960d (webtiles) character file.

Game seed: 5856953456349190670

454 snetch the Chopper (level 6, 0/84 HPs)
             Began as a Minotaur Berserker on May 4, 2022.
             Was a Priest of Trog.
             Succumbed to a killer bee's poison
             ... on level 4 of the Dungeon on May 6, 2022.
             The game lasted 00:08:03 (3341 turns).

snetch the Chopper (Minotaur Berserker)             Turns: 3341, Time: 00:08:04

Health: 0/84       AC: 14    Str: 23    XL:     6   Next: 76%
Magic:  14/14      EV:  7    Int:  4    God:    Trog [***...]
Gold:   188        SH:  0    Dex: 10    Spells: 5/5 levels left

rFire   . . .      SeeInvis .   a - +0 war axe
rCold   . . .      Faith    .   (no shield)
rNeg    . . .      Spirit   .   s - +0 plate armour
rPois   .          Reflect  .   (helmet restricted)
rElec   .          Harm     .   t - scarf {shadows}
rCorr   .          Rampage  .   o - +0 pair of gloves
Will    .....                   r - +0 pair of boots
Stlth   ..........              (no amulet)
HPRegen 0.24/turn               u - ring of magical power
MPRegen 0.14/turn               (no ring)

@: berserking (expiring), lethally poisoned (0 -> -7), very quick
A: horns 2, retaliatory headbutt
a: Renounce Religion, Berserk, Trog's Hand


You were on level 4 of the Dungeon.
You worshipped Trog.
Trog was most pleased with you.
You visited 2 branches of the dungeon, and saw 6 of its levels.

You collected 188 gold pieces.

Inventory:

Hand Weapons
 a - a +0 war axe (weapon)
 q - a +0 flail
 v - a +0 trident
Missiles
 c - 4 javelins
 e - 15 poisoned darts (quivered)
 g - 129 stones
Armour
 o - a +0 pair of gloves (worn)
 r - a +0 pair of boots (worn)
 s - a +0 plate armour (worn)
 t - a scarf of shadows (worn)
Jewellery
 u - a ring of magical power (left hand)
Scrolls
 d - 2 scrolls of fog {unknown}
 f - 2 scrolls of teleportation {unknown}
 h - a scroll of amnesia {unknown}
 i - 2 scrolls of immolation {unknown}
 j - 5 scrolls of identify {unknown}
 k - 3 scrolls of poison {unknown}
 p - 2 scrolls of noise {unknown}
Potions
 b - 2 potions of brilliance {unknown}
 l - a potion of attraction {unknown}
 m - 3 potions of might {unknown}
 n - 2 potions of curing {unknown}
 w - a potion of degeneration {unknown}
 x - a potion of ambrosia {unknown}


   Skills:
 + Level 5.1 Fighting
 + Level 6.6 Axes
 + Level 0.2 Throwing
 + Level 4.8 Armour
 + Level 3.2 Dodging
 + Level 0.5 Stealth


You had 5 spell levels left.
You didn't know any spells.
Your spell library contained the following spells:

 Spells                   Type           Power      Damage    Failure   Level
 Static Discharge         Conj/Air       0%         N/A       100%        2
 Lightning Bolt           Conj/Air       0%         1d11      100%        5
 Maxwell's Capacitive Co  Air            0%         ∞         100%        8


Dungeon Overview and Level Annotations

Branches:
Dungeon (5/15)             Temple (1/1) D:4

Altars:
Ashenzari
Cheibriados
Dithmenos
Gozag
Hepliaklqana
Makhleb
Nemelex Xobeh
Qazlal
Sif Muna
Trog
Vehumet
Wu Jian
Yredelemnul
Zin
The Shining One

Shops:
D:1 =   D:4 =


Innate Abilities, Weirdness & Mutations

You have a pair of horns on your head.
You reflexively headbutt those who attack you in melee.


Message History

Trog accepts your kill.
You feel sick. The killer bee stings you.
* * * LOW HITPOINT WARNING * * *
The killer bee stings you but does no damage.
You closely miss the killer bee. Your headbutt misses the killer bee.
The killer bee is heavily wounded.
You feel sick.
You miss the killer bee.
You feel sick. The killer bee stings you.
* * * LOW HITPOINT WARNING * * *
You are more poisoned.
The killer bee poisons you!
You miss the killer bee.
You feel sick. The killer bee barely misses you. x2
You barely miss the killer bee. Your punch misses the killer bee.
You feel sick. The killer bee barely misses you.
Unknown command.
You miss the killer bee.
You feel sick.
The killer bee stings you but does no damage.
The killer bee stings you.
* * * LOW HITPOINT WARNING * * *
You are lethally poisoned!
The killer bee poisons you!
You barely miss the killer bee.
* * * LOW HITPOINT WARNING * * *
You feel very sick.
The killer bee stings you but does no damage. x2
You miss the killer bee.
* * * LOW HITPOINT WARNING * * *
You feel sick. The killer bee stings you.
* * * LOW HITPOINT WARNING * * *
You slash the killer bee!
The killer bee is almost dead.
* * * LOW HITPOINT WARNING * * *
You feel sick.
The killer bee stings you but does no damage.
The killer bee stings you.
* * * LOW HITPOINT WARNING * * *
You hit the killer bee.
You kill the killer bee!
Trog accepts your kill.
You die...

∩.. ...## #. ..#
#...### #.# #..#...
..# #..)... #.#
#...... ####.# #...)..
#...y# #...... #
#.##<# #...)..
#.##.##@# ...##...
#.....†.# #######.#
####.#### ##...##.#
##.####### ##.......#
#........####........#
##.#####.............#
### ##..##.......##
#.[........<#
#....#.#...##


You could see a killer bee.

Vanquished Creatures
  An ice beast (D:4)
  A scorpion (D:5)
  3 killer bees (D:4)
  A hound (D:4)
  An orc wizard (D:3)
  7 adders
  A white imp (D:3)
  2 worms (D:2)
  3 dart slugs
  4 orcs (D:3)
  9 bats
  3 endoplasms
  2 giant cockroaches (D:4)
  3 hobgoblins (D:1)
  7 jackals
  A quokka (D:2)
  9 ball pythons
  3 frilled lizards
  7 goblins
  8 kobolds
  5 rats
81 creatures vanquished.

Notes
Turn   | Place    | Note
-------+----------+-------------------------------------------
     0 | D:1      | snetch the Minotaur Berserker began the quest for the Orb.
     0 | D:1      | Reached XP level 1. HP: 19/19 MP: 0/0
   189 | D:1      | Found a faded altar of an unknown god.
   194 | D:1      | Reached skill level 4 in Axes
   194 | D:1      | Reached XP level 2. HP: 22/27 MP: 1/1
  1061 | D:1      | Found Ruiqipn's Jewellery Shop.
  1226 | D:2      | Reached XP level 3. HP: 33/33 MP: 2/2
  1289 | D:2      | Reached ** piety under Trog
  1684 | D:2      | Upgraded the game from 0.29-a0-378-gc08b2e8bf8 to
                  | 0.29-a0-384-g6960b1960d
  1846 | D:3      | Reached XP level 4. HP: 27/41 MP: 3/3
  2027 | D:3      | Reached skill level 5 in Axes
  2325 | D:4      | Found Zarad's Jewellery Boutique.
  2489 | D:3      | Reached XP level 5. HP: 35/47 MP: 4/4
  2743 | D:4      | Found a staircase to the Ecumenical Temple.
  2875 | D:4      | Reached *** piety under Trog
  2917 | D:5      | Entered Level 5 of the Dungeon
  3003 | D:4      | Noticed an ice beast
  3021 | D:5      | Reached skill level 5 in Fighting
  3031 | D:5      | Reached XP level 6. HP: 44/56 MP: 5/5
  3051 | D:4      | Killed an ice beast
  3052 | D:4      | Reached skill level 6 in Axes
  3267 | Temple   | Entered the Ecumenical Temple
  3340 | D:4      | HP: 4/84 [poisoned by a killer bee]
  3340 | D:4      | HP: 1/84 [killer bee (3)]
  3341 | D:4      | Succumbed to a killer bee's poison

Illustrated notes

Levels and vault maps discovered:
D:1:      dpeg_arrival_pits, layout_basic, serial_shops, shop,
          ebering_ecumenical_altar_abandoned
D:2:      layout_loops_ring, grunt_ministairs_1
D:3:      layout_basic
D:4:      layout_loops_cross, minmay_temple_entry_grid,
          minmay_shop_enchanted_jewellery
D:5:      layout_basic, lemuel_round_altar, elyvilon_altar_3,
          nicolae_ru_path_of_blood, uniq_blork_the_orc, uniq_grinder
Temple:   minmay_freezing_vapour_temple

Skill      XL: |  1  2  3  4  5  6 |
---------------+-------------------+-----
Axes           | 4 5 6 |  6.6
Fighting       | 4 5 |  5.1
Armour         | 3 4 |  4.8
Dodging        | 3 |  3.2
Throwing       | |  0.2
Stealth        | |  0.5

Action                   |  1- 3 |  4- 6 || total
-------------------------+-------+-------++-------
Melee: Hand axe          |    74 |    66 ||   140
       Headbutt          |    13 |    11 ||    24
       War axe           |       |    44 ||    44
Throw: Dart              |       |     4 ||     4
Invok: Berserk           |       |     2 ||     2
Armor: Leather armour    |     8 |       ||     8
       Ring mail         |    10 |    18 ||    28
       Plate armour      |       |    59 ||    59
Dodge: Dodged            |    54 |    58 ||   112

Table legend: (Time is in decaauts)
 A = Elapsed time spent in this place.
 B = Non-inter-level travel time spent in this place.
 C = Inter-level travel time spent in this place.
 D = Time resting spent in this place.
 E = Time spent auto-exploring this place.
 F = Levels seen in this place.
 G = Mean time per level.
                   A        B        C        D        E       F      G
               +--------+--------+--------+--------+--------+-----+--------+
         Total |   3376 |   3233 |    143 |     41 |   2184 |   6 |  562.7 |
       Dungeon |   3349 |   3209 |    140 |     41 |   2184 |   5 |  669.8 |
        Temple |     26 |     23 |      3 |      0 |      0 |   1 |   26.0 |
               +--------+--------+--------+--------+--------+-----+--------+

Top non-repeatable levels by time:
     D:1: 1102 daAuts
     D:3: 1019 daAuts
     D:2: 710 daAuts
     D:4: 451 daAuts
     D:5: 65 daAuts
  Temple: 26 daAuts
